 Dungeon Crawl Stone Soup version 0.21.1-1-g345015f (webtiles) character file.

488 letownia2 the Chiller (level 7, -1/75 HPs)
             Began as a Merfolk Ice Elementalist on Feb 13, 2018.
             Was a Follower of Vehumet.
             Slain by Menkaure (14 damage)
             ... in an ossuary.
             The game lasted 00:15:34 (2284 turns).

letownia2 the Chiller (Merfolk Ice Elementalist)    Turns: 2284, Time: 00:15:34

Health: -1/75      AC: 23    Str:  8    XL:     7   Next: 13%
Magic:  4/11       EV:  2    Int: 17    God:    Vehumet [*.....]
Gold:   154        SH:  0    Dex: 14    Spells: 2/12 levels left

rFire    . . .     SeeInvis .   a - staff of poison
rCold    . . .     Gourm    .   (no shield)
rNeg     + + +     Faith    .   (armour currently unavailable)
rPois    +         Spirit   .   (helmet currently unavailable)
rElec    .         Reflect  .   (cloak currently unavailable)
rCorr    .         Harm     .   (gloves currently unavailable)
MR       .....     NoTele   +   (boots currently unavailable)
Stlth    ++........             (no amulet)
HPRegen  0.22/turn              (no ring)
MPRegen  0.12/turn              (no ring)

@: tree-form, very slightly contaminated
A: (change form in water), (swift swim), (stealthy swim)
a: Renounce Religion


You were in an ossuary.
You worshipped Vehumet.
Vehumet was aware of your devotion.
You were very hungry.
You were a tree.
You visited 2 branches of the dungeon, and saw 6 of its levels.
You also visited: Ossuary.

You collected 154 gold pieces.

Inventory:

Hand Weapons
 b - a +0 dagger of venom
Missiles
 i - 39 bolts
 t - a throwing net (quivered)
Armour
 j - a +0 helmet (melded)
 k - a +0 leather armour (melded)
 l - a +0 pair of gloves (melded)
 n - a +0 robe
Magical Staves
 a - an uncursed staff of poison (weapon)
Scrolls
 e - 2 scrolls of identify {unknown}
 f - a scroll of magic mapping {unknown}
 g - 3 scrolls of teleportation {unknown}
 o - a scroll of fear {unknown}
Potions
 p - a potion of curing {unknown}
 s - a potion of brilliance {unknown}
Books
 m - a book of Frost

   Spells                             Type                      Level
   a - Freeze                         Ice                          1
   b - Throw Frost                    Conjuration/Ice              2
   c - Ozocubu's Armour               Charms/Ice                   3
   d - Throw Icicle                   Conjuration/Ice              4
   e - Summon Ice Beast               Ice/Summoning                4
Comestibles
 c - 6 rations


   Skills:
 - Level 2.1 Fighting
 - Level 3.0 Dodging
 - Level 2.1 Stealth
 - Level 3.1 Spellcasting
 - Level 2.1 Conjurations
 - Level 2.1 Charms
 + Level 1.6 Summonings
 - Level 6.2 Ice Magic


You had 2 spell levels left.
You knew the following spells:

 Your Spells              Type           Power        Failure   Level  Hunger
a - Freeze                Ice            ###.         1%          1    None
f - Throw Frost           Conj/Ice       ###...       4%          2    ##.....
i - Summon Ice Beast      Ice/Summ       ###.....     34%         4    ####...
o - Ozocubu's Armour      Chrm/Ice       ###.....     10%         3    ###....


Dungeon Overview and Level Annotations

Branches:
Dungeon (5/15)             Temple (1/1) D:5

Altars:
Ashenzari
Fedhas
Hepliaklqana
Makhleb
Qazlal
Vehumet
Wu Jian
Yredelemnul
Zin

Shops:
D:5 }

Annotations:
Ossuary Menkaure


Message History

b - a +0 dagger of venom (weapon)
Your +0 dagger of venom stops dripping with poison.
a - an uncursed staff of poison (weapon)
You hit Menkaure.
Menkaure is severely damaged.
Menkaure barely misses you.
You barely miss Menkaure.
Menkaure is severely damaged.
Menkaure mumbles some strange words.
Menkaure seems to speed up.
You hit Menkaure.
Menkaure is severely damaged.
Menkaure hits you.
* * * LOW HITPOINT WARNING * * *
You hit Menkaure.
Menkaure is severely damaged.
Menkaure hits you!
* * * LOW HITPOINT WARNING * * *
Menkaure hits you!
You die...

##..##..##....##..##
##..##..##..##..##..#
##^.##..##..####..##..
##..##..##..##!!##..##.
##..##..##..##.!!?##.^##
##..##..##..## .!!..##..#
##^.##..##^.## ?M∩!..##..
##..##..##..## .?.....##.
##..##..##.♣## M?......##
##..##..##.M##############++#
##..##..##........M(..........
##..##^.#######################
##..##.....^....................
##..#############################
#...^............................
#################################


You could see Menkaure.

Vanquished Creatures
  An ogre (D:4)
  A howler monkey (D:4)
  A jelly (D:5)
  A gnoll shaman (D:5)
  2 hounds (D:5)
  A bullfrog skeleton (D:5)
  A worker ant (D:4)
  A hound skeleton (D:4)
  Robin (D:2)
  2 mummies (Ossuary)
  5 gnolls
  A howler monkey skeleton (D:4)
  5 adders
  A dart slug (D:2)
  2 leopard geckos (D:2)
  3 orcs
  4 giant cockroaches
  A gnoll zombie (Ossuary)
  4 hobgoblins (D:2)
  3 jackals (D:5)
  A quokka (D:2)
  3 bats
  A frilled lizard (D:4)
  3 gnoll skeletons (Ossuary)
  9 goblins
  A goblin skeleton (Ossuary)
  2 goblin zombies (Ossuary)
  A hobgoblin skeleton (Ossuary)
  3 hobgoblin zombies (Ossuary)
  A jackal skeleton (D:4)
  4 kobolds
  2 kobold skeletons (Ossuary)
  2 kobold zombies (Ossuary)
  An orc skeleton (Ossuary)
  2 orc zombies (Ossuary)
  4 rats
  3 rat skeletons (Ossuary)
  2 rat zombies (Ossuary)
86 creatures vanquished.

Vanquished Creatures (others)
  2 gnoll skeletons (Ossuary)
  5 goblin skeletons (Ossuary)
  2 goblin zombies (Ossuary)
  A hobgoblin skeleton (Ossuary)
  2 hobgoblin zombies (Ossuary)
  4 kobold skeletons (Ossuary)
  3 kobold zombies (Ossuary)
  2 orc skeletons (Ossuary)
  3 orc zombies (Ossuary)
  3 rat zombies (Ossuary)
27 creatures vanquished.

Grand Total: 113 creatures vanquished

Notes
Turn   | Place    | Note
-------+----------+-------------------------------------------
     0 | D:1      | letownia2 the Merfolk Ice Elementalist began the quest for the Orb.
     0 | D:1      | Reached XP level 1. HP: 13/13 MP: 3/3
   118 | D:2      | Reached XP level 2. HP: 8/19 MP: 0/5
   129 | D:2      | Reached skill level 4 in Ice Magic
   215 | D:2      | Learned a level 2 spell: Throw Frost
   240 | D:2      | Reached XP level 3. HP: 13/24 MP: 1/6
   247 | D:2      | Learned a level 3 spell: Ozocubu's Armour
   308 | D:2      | Noticed Robin
   391 | D:2      | Reached skill level 5 in Ice Magic
   582 | D:2      | Killed Robin
   582 | D:2      | Reached XP level 4. HP: 18/30 MP: 2/7
   888 | D:4      | Reached skill level 1 in Conjurations
   892 | D:4      | Noticed an ogre
   913 | D:4      | Killed an ogre
   913 | D:4      | Reached skill level 1 in Fighting
   913 | D:4      | Reached skill level 1 in Charms
   913 | D:4      | Reached XP level 5. HP: 37/37 MP: 0/8
   933 | D:4      | Noticed a phantom
   959 | D:4      | Noticed an ogre
  1204 | D:4      | Reached XP level 6. HP: 37/44 MP: 5/9
  1271 | D:4      | Noticed a phantom
  1284 | D:4      | Learned a level 4 spell: Summon Ice Beast
  1300 | D:5      | Entered Level 5 of the Dungeon
  1352 | D:5      | Found Iruibut's Gadget Emporium.
  1568 | D:5      | Reached skill level 6 in Ice Magic
  1578 | D:5      | Found a staircase to the Ecumenical Temple.
  1584 | Temple   | Entered the Ecumenical Temple
  1646 | Temple   | Became a worshipper of Vehumet
  1737 | D:5      | Reached skill level 1 in Summonings
  1820 | D:5      | Reached XP level 7. HP: 25/50 MP: 1/11
  1865 | D:5      | Found a sand-covered staircase.
  1885 | Ossuary  | Entered an ossuary
  2140 | Ossuary  | Reached * piety under Vehumet
  2140 | Ossuary  | Offered knowledge of Flame Tongue by Vehumet.
  2236 | Ossuary  | Noticed Menkaure
  2284 | Ossuary  | Slain by Menkaure

Skill      XL: |  1  2  3  4  5  6  7 |
---------------+----------------------+-----
Ice Magic      | 4 5 6 |  6.2
Conjurations   | 1 2 |  2.1
Fighting       | 1 2 |  2.1
Charms         | 1 2 |  2.1
Summonings     | 1 |  1.6
Spellcasting   | 3 |  3.1
Dodging        | 3 |  3.0
Stealth        | |  2.1

Action                   |  1- 3 |  4- 6 |  7- 9 || total
-------------------------+-------+-------+-------++-------
Melee: Unarmed           |     9 |       |       ||     9
       Dagger            |    16 |     2 |       ||    18
       Staff             |       |    49 |   125 ||   174
Throw: Stone             |     3 |     5 |       ||     8
       Javelin           |       |     4 |     5 ||     9
       Throwing net      |       |     1 |       ||     1
 Cast: Freeze            |    39 |    62 |     6 ||   107
       Throw Frost       |       |     1 |     3 ||     4
       Ozocubu's Armour  |       |     2 |     4 ||     6
  Use: Potion            |       |       |     1 ||     1
 Stab: Sleeping          |     4 |     1 |       ||     5
  Eat: Chunk             |       |     4 |     2 ||     6
Armor: Robe              |    17 |    11 |       ||    28
       Leather armour    |       |    11 |    49 ||    60
Dodge: Dodged            |    33 |    71 |    83 ||   187
